AoeStats
← CHIQUI TAPIA

Arena

508460579Analyzed
3v3 RM · 11d ago on Sep 22, 2026· 50m 50s· 6 players
Game mode
Random Map
Map size
Normal (6 player)
Population
200
Speed
Normal
Resources
Standard
Victory
Conquest
Starting age
Dark Age
Ending age
Imperial Age
RankedLock teamsTeams togetherTeam positionsShared explorationLock speedFull tech treeHidden civsTurbo modeCheats
Victory
Defeat
🇩🇪 Saracens · Germany
1111
+13
🇭🇺 Lithuanians · Hungary
1083
+14
🇵🇪 Bohemians · Peru
1072
+14
🇦🇷 Huns · Argentina
1072
-15
🇮🇪 Chinese · Ireland
1048
-14
🇦🇷 Franks · Argentina
1002
-12
marshall_o18
0:44 Loom
10:34 Feudal Age
16:49 Castle Age
16:13 Double-Bit Axe
30:51 Imperial Age
29:52 Chemistry
28:31 Pikeman
29:56 Arson
30:11 Squires
30:04 Town Watch
31:14 Forging
33:12 Fortified Wall
37:45 Wheelbarrow
40:08 Houfnice
40:16 Halberdier
43:59 Scale Mail Armor
44:35 Iron Casting
44:00 Padded Archer Armor
43:51 Fletching
45:29 Elite Skirmisher
46:45 Chain Mail Armor
50:47 Leather Archer Armor
50:27 Bodkin Arrow
51:33 Blast Furnace
51:04 Plate Mail Armor
51:00 Ballistics
50:22 Treadmill Crane
GuZ
11:17 Feudal Age
13:17 Loom
15:38 Castle Age
14:49 Double-Bit Axe
15:52 Scale Barding Armor
19:17 Horse Collar
24:36 Gold Mining
24:38 Stone Mining
25:56 Bloodlines
26:11 Chain Barding Armor
26:32 Wheelbarrow
25:42 Town Watch
28:54 Husbandry
34:28 Forging
35:15 Hand Cart
35:25 Heavy Plow
40:46 Imperial Age
39:40 Bow Saw
41:06 Iron Casting
40:44 Fortified Wall
40:56 Ballistics
40:50 Cavalier
42:12 Plate Barding Armor
42:02 Sanctity
41:58 Block Printing
41:54 Fervor
43:23 Conscription
42:35 Paladin
43:53 Scale Mail Armor
43:44 Fletching
45:21 Onager
46:22 Chain Mail Armor
46:20 Guilds
45:52 Elite Skirmisher
48:37 Paladin
49:33 Bodkin Arrow
49:40 Padded Archer Armor
51:55 Chemistry
50:58 Bracer
51:15 Leather Archer Armor
DasEd86
7:20 Loom
10:39 Feudal Age
14:47 Castle Age
12:39 Double-Bit Axe
13:04 Horse Collar
16:07 Forging
20:30 Light Cavalry
24:27 Bow Saw
24:54 Husbandry
26:24 Bloodlines
26:44 Heavy Plow
27:57 Scale Barding Armor
30:15 Wheelbarrow
33:01 Imperial Age
31:02 Gold Mining
31:02 Stone Mining
34:04 Chain Barding Armor
35:07 Iron Casting
38:38 Plate Barding Armor
40:24 Blast Furnace
41:22 Conscription
40:34 Elite Mameluke
46:08 Fortified Wall
46:08 Masonry
Ned Flamer
2:17 Loom
11:57 Feudal Age
13:33 Horse Collar
14:01 Double-Bit Axe
22:50 Castle Age
21:28 Stone Mining
21:30 Gold Mining
24:56 Stone Shaft Mining
24:59 Gold Shaft Mining
24:42 Bow Saw
25:29 Wheelbarrow
25:00 Heavy Plow
26:08 Pikeman
27:08 Padded Archer Armor
28:59 Town Watch
29:31 Hand Cart
33:50 Imperial Age
33:34 Leather Archer Armor
41:37 Fortified Wall
43:31 Squires
44:41 Great Wall
50:18 Two-Man Saw
Honorable Ministro Caputo
8:46 Loom
11:26 Feudal Age
13:11 Double-Bit Axe
15:47 Castle Age
22:34 Forging
22:24 Pikeman
25:17 Scale Barding Armor
25:47 Stone Mining
27:24 Iron Casting
29:17 Wheelbarrow
29:27 Husbandry
29:25 Fletching
30:10 Bow Saw
30:08 Town Watch
31:05 Gold Mining
33:56 Chain Barding Armor
34:38 Hand Cart
38:49 Imperial Age
37:07 Light Cavalry
38:52 Cavalier
39:56 Conscription
39:58 Masonry
40:55 Paladin
CHIQUI TAPIA
10:59 Feudal Age
11:23 Horse Collar
11:29 Double-Bit Axe
12:57 Wheelbarrow
17:36 Castle Age
18:51 Bow Saw
18:44 Heavy Plow
23:54 Gold Mining
26:41 Stone Mining
27:28 Gold Shaft Mining
27:14 Town Watch
27:59 Forging
27:55 Scale Barding Armor
31:18 Imperial Age
29:35 Iron Casting
29:28 Hand Cart
29:15 Town Patrol
29:01 Loom
30:06 Marauders
30:49 Chain Barding Armor
31:46 Husbandry
32:21 Conscription
34:02 Bloodlines
33:38 Cavalier
37:57 Blast Furnace
37:32 Plate Barding Armor
37:20 Elite Tarkan
39:19 Guilds
40:10 Fletching
40:20 Padded Archer Armor
40:44 Ballistics
41:58 Parthian Tactics
41:45 Bodkin Arrow
42:05 Leather Archer Armor
42:01 Heavy Cavalry Archer
42:45 Bracer
51:22 Two-Man Saw
Connection lost

Rejoining the realm…

Still unreachable

The connection could not be restored.

Session expired

The server has moved on; the page needs a fresh start.